[Event "*** Titled Tuesday Blitz"]
[Site "Chess.com"]
[Date "2020.10.20"]
[Round "5"]
[White "TokChess"]
[Black "pavelalexandru07"]
[Result "1-0"]
[WhiteElo "2424"]
[BlackElo "2271"]
[TimeControl "180+1"]
[EndTime "10:57:20 PDT"]
[Termination "TokChess won by resignation"]

1. d4 Nf6 2. Bf4 d5 3. e3 e6 4.
Nd2 Bd6 5. Bg3 O-O 6. Ngf3 Nbd7 7. c3 Re8 8. Bd3 Qe7 9. O-O e5 10. dxe5 Nxe5 11. Nxe5 Bxe5 12. Bxe5 Qxe5 13. Nf3 Qe7 14. Qc2 Ne4 15. Rad1 c6 16. c4 Bg4 17. Be2 dxc4 18.
Qxc4 Nf6 19. Qd4 Be6 20. Bc4 Red8 21. Qc3 h6 22. Nd4 Bxc4 23. Qxc4 Nd5 24. Nf5 Qe5 25. Qg4 Qf6 26. Rd4 Ne7 27. Nxe7+ Qxe7 28. Rfd1 Rxd4 29.
Qxd4 Qe6 30. Qd7 Qxa2 31. Qxb7 Re8 32. Qxc6 Rb8 33. h3 Qxb2 34. Rd7 a5 35. Ra7 Qb4 36. Qc7 Rf8 37. Qxa5 Qe1+ 38. Qxe1 1-0

[Event "*** Titled Tuesday Blitz"]
[Site "Chess.com"]
[Date "2020.10.20"]
[Round "5"]
[White "ChelsieMonica"]
[Black "coco_crc"]
[Result "0-1"]
[WhiteElo "2352"]
[BlackElo "2190"]
[TimeControl "180+1"]
[EndTime "10:57:20 PDT"]
[Termination "coco_crc won by resignation"]

1. c4 e6 2. Nf3 d5 3. cxd5 exd5 4. Nc3 Nf6 5. d4 c6 6. Bf4 Bd6 7. e3 Bxf4 8. exf4 O-O 9. Be2 Bf5 10. O-O Nbd7 11. Ne5 Re8 12. Rc1 Ne4 13. Qb3 Nxe5 14. fxe5 Nd2 15. Qxb7 Nxf1 16. Bxf1 Qb6 17. Qxb6 axb6 18.
a3 Be6 19. f4 g6 20. Kf2 c5 21. Nb5 Rec8 22. Nd6 Rc7 23. Rc3 Rd8 24. Bb5 Bd7 25.
Bd3 c4 26. Be2 Bc6 27. f5 Rxd6 28. exd6 Rd7 29. fxg6 hxg6 30. b3 b5 31. bxc4 dxc4 32. a4 Rxd6 33. d5 Rxd5 34. axb5 Bxb5 35. Bxc4 Rd2+ 36.
Kg3 Bxc4 37. Rxc4 Kg7 38. h4 Ra2 39. Rc6 Rb2 40. Kf4 Rxg2 41. Kf3 Rg1 42. Kf4 Kh6 43.
Rc8 f5 44. Rh8+ Kg7 45. Ra8 Rg4+ 46. Ke5 Re4+ 47. Kd6 Rxh4 48. Ra7+ Kf6 49. Ra4 Rxa4 0-1

[Event "*** Titled Tuesday Blitz"]
[Site "Chess.com"]
[Date "2020.10.20"]
[Round "5"]
[White "TheCastleHunter"]
[Black "regular_legs"]
[Result "1-0"]
[WhiteElo "2370"]
[BlackElo "2498"]
[TimeControl "180+1"]
[EndTime "10:57:21 PDT"]
[Termination "TheCastleHunter won on time"]

1. e4 e5 2. Nf3 Nc6 3. Bc4 Bc5 4.
O-O Nf6 5. c3 Nxe4 6. d4 exd4 7.
cxd4 Be7 8. Nc3 Nxc3 9. bxc3 d5 10. Bd3 O-O 11. Bf4 Bg4 12. h3 Bh5 13. Re1 Bg6 14. Bxg6 hxg6 15. Ne5 Nxe5 16. Bxe5 c6 17. Rb1 Qd7 18.
Qb3 b5 19. Qc2 Bd6 20. Bxd6 Qxd6 21. Re5 Rfe8 22. Rbe1 Kf8 23. a4 a6 24. axb5 axb5 25. f4 Rad8 26. f5 Rxe5 27. dxe5 Qc5+ 28. Kh1 d4 29.
fxg6 d3 30. Qd2 fxg6 31. e6 Ke7 32.
Qf4 Qf5 33. Qc7+ Ke8 34. Qxc6+ Ke7 35. Qc7+ Ke8 36. e7 Rd5 37. Qc6+ 1-0

[Event "*** Titled Tuesday Blitz"]
[Site "Chess.com"]
[Date "2020.10.20"]
[Round "5"]
[White "kinga2008"]
[Black "Flopezin"]
[Result "0-1"]
[WhiteElo "2174"]
[BlackElo "2364"]
[TimeControl "180+1"]
[EndTime "10:57:21 PDT"]
[Termination "Flopezin won on time"]

1. e4 e5 2. Nf3 Nc6 3. d4 exd4 4. Bc4 Nf6 5. O-O Nxe4 6. Re1 d5 7. Bxd5 Qxd5 8.
Nc3 Qh5 9. Nxe4 Be6 10. Bg5 Bd6 11.
Nxd6+ cxd6 12. Bf4 Qd5 13. c3 Qf5 14. Bxd6 O-O-O 15. Nxd4 Rxd6 16. Nxf5 Rxd1 17. Raxd1 Bxf5 18. f3 Be6 19. a3 a5 20. b4 axb4 21. cxb4 b5 22. Rc1 Kb7 23. Rc5 Kb6 24. Rec1 Bc4 25. a4 Nxb4 26. Rf5 Rd8 27. Rf4 Nd3 28. axb5 Bxb5 29.
Rd1 f6 30. Rb4 Kc5 31. Rb3 Bc4 32. Rc3 Kb4 33. Rc2 Bb3 34. Rcd2 Bxd1 35. Rxd1 Kc3 36. Kf1 Re8 37. g4 g6 0-1

[Event "*** Titled Tuesday Blitz"]
[Site "Chess.com"]
[Date "2020.10.20"]
[Round "5"]
[White "Meri-Arabidze"]
[Black "margarita_2703"]
[Result "1-0"]
[WhiteElo "2639"]
[BlackElo "2407"]
[TimeControl "180+1"]
[EndTime "10:57:22 PDT"]
[Termination "Meri-Arabidze won by resignation"]

1. d4 Nf6 2. c4 e6 3. Nc3 d5 4. Nf3 Be7 5. Bg5 O-O 6. e3 h6 7. Bh4 b6 8. Bd3 Bb7 9. O-O Nbd7 10. Bg3 Rc8 11. cxd5 exd5 12. Rc1 c5 13. Bb1 Re8 14. Ne5 Ne4 15. Nxe4 dxe4 16. Qh5 Nxe5 17. Bxe5 Bf6 18.
Bxf6 Qxf6 19. dxc5 bxc5 20. b3 Re5 21. Qh3 Rce8 22.
Rfd1 Rf5 23. Rd2 Bc8 24. Qg3 Rg5 25. Qf4 Rf5 26. Qc7 Rg5 27. Bxe4 Rxe4 28. Qxc8+ Kh7 29.
g3 h5 30. Rxc5 h4 31. Rxg5 Qxg5 32. Rd8 hxg3 33. hxg3 Rxe3 34. Rh8+ Kg6 35. Qc2+ f5 36. Qc6+ Kf7 37. fxe3 Qxe3+ 38. Kf1 Qd3+ 39. Ke1 Qe3+ 40. Kd1 Qd3+ 41. Kc1 Qe3+ 42. Kb2 Qd2+ 43. Qc2 Qd4+ 44.
Qc3 Qd6 45. Qc4+ Kg6 46. Rc8 Qd2+ 47. Qc2 1-0

[Event "*** Titled Tuesday Blitz"]
[Site "Chess.com"]
[Date "2020.10.20"]
[Round "5"]
[White "Shubinkirill2003"]
[Black "Alexander_Moskalenko"]
[Result "0-1"]
[WhiteElo "2651"]
[BlackElo "2892"]
[TimeControl "180+1"]
[EndTime "10:57:23 PDT"]
[Termination "Alexander_Moskalenko won by checkmate"]

1. e4 e6 2. d4 d5 3. Nc3 Nf6 4. Bg5 dxe4 5. Nxe4 Be7 6. Bxf6 gxf6 7. Qd2 a6 8. g3 f5 9. Nc3 Nd7 10. Bg2 Rb8 11.
O-O-O b5 12. d5 e5 13. Kb1 Nb6 14. f4 Nc4 15. Qe2 e4 16. g4 Qd6 17. a3 Bf6 18.
Na2 Nxa3+ 19. bxa3 b4 20. Nc1 bxa3+ 21. Nb3 a5 22. gxf5 O-O 23. Qxe4 Rb4 24. Qe3 a4 25.
Ka2 axb3+ 26. cxb3 Bd7 27. Ne2 Re8 28. Qg3+ Kh8 29.
Nc1 Bxf5 30. Rhf1 Rg8 31. Qf2 Rgb8 32. Qg3 Bb2 33. Bh3 Bc2 34. Rg1 Qf6 35. Nd3 Bxb3+ 36. Kb1 a2# 0-1

[Event "*** Titled Tuesday Blitz"]
[Site "Chess.com"]
[Date "2020.10.20"]
[Round "5"]
[White "AndrewDGreen"]
[Black "AleksanderHnydiuk"]
[Result "1-0"]
[WhiteElo "2406"]
[BlackElo "2534"]
[TimeControl "180+1"]
[EndTime "10:57:23 PDT"]
[Termination "AndrewDGreen won on time"]

1. e4 c5 2. Nf3 e6 3. c3 d5 4.
exd5 Qxd5 5. d4 Nf6 6. Be3 cxd4 7. cxd4 Bb4+ 8. Nc3 O-O 9. Bd3 Bd7 10. O-O Bxc3 11. bxc3 Bb5 12. Bxb5 Qxb5 13. Rb1 Qa6 14. Ne5 Nc6 15.
Nxc6 Qxc6 16. Qb3 b6 17. c4 Rac8 18. Rbc1 Rfd8 19. Rfd1 Ne4 20. Bf4 Qb7 21. Qf3 Nd6 22. c5 Qxf3 23. gxf3 Nf5 24. Be3 Kf8 25. Kf1 Ke8 26. Ke2 bxc5 27. dxc5 Rxd1 28. Kxd1 Kd7 29. Ke2 Kc6 30. Rc4 Rb8 31. Ra4 Rb2+ 32. Kd3 Nxe3 33. fxe3 Kb7 34. h4 Rh2 35. a3 h5 36. Rc4 Kc6 37.
Kc3 a5 38. Kb3 Rh3 39. Rf4 f6 40. Ka4 e5 41. Rf5 Rxh4+ 42. Kxa5 Kxc5 43. a4 Rh1 44. f4 Kd5 45. fxe5 Ke6 46. exf6 Kxf5 47. f7 1-0

[Event "*** Titled Tuesday Blitz"]
[Site "Chess.com"]
[Date "2020.10.20"]
[Round "5"]
[White "GMaka"]
[Black "PotapovaM"]
[Result "0-1"]
[WhiteElo "2367"]
[BlackElo "2529"]
[TimeControl "180+1"]
[EndTime "10:57:23 PDT"]
[Termination "PotapovaM won on time"]

1. Nf3 d5 2. b3 Nf6 3. Bb2 e6 4. e3 c5 5. Bb5+ Bd7 6. a4 a6 7. Bxd7+ Nbxd7 8. a5 Bd6 9. O-O O-O 10. d4 cxd4 11.
exd4 Nb8 12. c3 Nc6 13. b4 Ne4 14. Nbd2 f5 15. Nb3 g5 16. Nc5 Qe7 17. Qd3 Rae8 18. g3 h5 19. Bc1 Rf7 20. Bd2 Rg7 21. c4 dxc4 22. Qxc4 Bxc5 23. dxc5 g4 24. Bc3 Nxc3 25. Qxc3 gxf3 26. Rad1 e5 27. Rd6 Nd4 28. Re1 Ne2+ 29. Rxe2 fxe2 30. Qe3 f4 31. Qxe2 fxg3 32. hxg3 Qg5 33.
Qc4+ Kh8 34. Kf1 Rf8 35. Qe4 Qxg3 36. Rh6+ Kg8 37. Qd5+ Rgf7 0-1

[Event "*** Titled Tuesday Blitz"]
[Site "Chess.com"]
[Date "2020.10.20"]
[Round "5"]
[White "WuinaterJr"]
[Black "Markov_Mikhail"]
[Result "1-0"]
[WhiteElo "2519"]
[BlackElo "2663"]
[TimeControl "180+1"]
[EndTime "10:57:25 PDT"]
[Termination "WuinaterJr won by resignation"]

1. d4 Nf6 2. c4 e6 3. Nf3 d5 4. g3 Be7 5. Bg2 O-O 6. O-O Nbd7 7. Qc2 c5 8. cxd5 exd5 9. Nc3 b6 10. Bf4 Bb7 11. Rfd1 Rc8 12. Rac1 a6 13. dxc5 Nxc5 14. Qb1 Re8 15. Nd4 h6 16. h3 Bf8 17.
a3 Nh5 18. Be3 Nxg3 19. Bxh6 Nge4 20. Nxe4 Nxe4 21. Bf4 Rxc1 22. Rxc1 Qf6 23. Be3 Bc5 24.
Qd3 a5 25. Nf3 Qxb2 26. Rb1 Qf6 27. Bxc5 Nxc5 28. Qb5 Re6 29. e3 Ba6 30. Qb2 Bd3 31. Qxf6 Rxf6 32. Rb2 Be4 33. Ne5 Re6 34. Bxe4 dxe4 35.
Nc4 Na4 36. Rd2 Rc6 37. Ne5 Rc7 38. Rd4 Nc3 39. Kg2 b5 40. Rd8+ Kh7 41. Ra8 b4 42. axb4 axb4 43. Rb8 Nd5 44. Rb5 Nf6 45. Rxb4 Rc2 46.
Ng4 Nd5 47. Rxe4 f5 48. Re5 f4 49. Rxd5 1-0

[Event "*** Titled Tuesday Blitz"]
[Site "Chess.com"]
[Date "2020.10.20"]
[Round "5"]
[White "AndreyNeves"]
[Black "thedjoker98"]
[Result "0-1"]
[WhiteElo "2263"]
[BlackElo "2567"]
[TimeControl "180+1"]
[EndTime "10:57:25 PDT"]
[Termination "thedjoker98 won on time"]

1. d4 d5 2. c4 c6 3. Nf3 Nf6 4. e3 Bg4 5. Qb3 Qb6 6. Ne5 Bf5 7. Nc3 e6 8. Bd2 Nbd7 9. Nxd7 Nxd7 10. Be2 Be7 11. O-O Qxb3 12. axb3 Bc2 13. Bd1 Bd3 14. Be2 Bc2 15. Bd1 Bd3 16. Be2 Bxe2 17. Nxe2 O-O 18. f3 Rfd8 19. e4 dxe4 20. fxe4 a6 21. Bc3 Nf6 22. Ng3 Ng4 23. Rae1 Bh4 24. Rf3 Rd7 25. h3 Nf6 26. e5 Ne8 27. Ref1 Bd8 28. Ne4 Bb6 29.
c5 Bc7 30. Nd6 Bxd6 31. exd6 g6 32. h4 Ng7 33. g4 h5 34. gxh5 Nxh5 35. Bd2 Ng7 36.
Bf4 b6 37. Be5 Rb8 38. b4 Nf5 39. h5 gxh5 40. Rxf5 exf5 41. Rxf5 bxc5 42. Rxh5 f6 43. Bxf6 Kf7 44. Be5 cxd4 45. Rh7+ Ke6 46. Rxd7 Kxd7 47. Bxd4 Rxb4 48. Bc5 Rxb2 49. Kf1 Rb5 0-1

[Event "*** Titled Tuesday Blitz"]
[Site "Chess.com"]
[Date "2020.10.20"]
[Round "5"]
[White "suyu28"]
[Black "ajgreen"]
[Result "1-0"]
[WhiteElo "2607"]
[BlackElo "2398"]
[TimeControl "180+1"]
[EndTime "10:57:26 PDT"]
[Termination "suyu28 won on time"]

1. e4 c5 2. Nc3 Nc6 3. Bb5 Nd4 4. Nf3 Nxb5 5. Nxb5 Nf6 6. Qe2 a6 7. Nc3 d6 8. O-O e5 9. d3 Be7 10. Nd2 b5 11. Re1 O-O 12. Nf1 Be6 13. Bg5 Nd7 14.
Bxe7 Qxe7 15. Ne3 f5 16. exf5 Bxf5 17. Ncd5 Qg5 18. f4 Qd8 19. g4 Be6 20. f5 Bxd5 21.
Nxd5 Nf6 22. Ne3 Qe8 23. Qg2 Rc8 24. a4 h6 25. axb5 Qxb5 26. b3 Rcd8 27. Nd5 Kh7 28. h3 Nxd5 29. Qxd5 a5 30. Ra4 Rf6 31. Rea1 g6 32.
Rxa5 Qe8 33. Ra7+ Kh8 34. Rc7 gxf5 35. Raa7 Qg6 36. Qb7 Rdf8 37. Rh7+ Kg8 38. Rg7+ 1-0

[Event "*** Titled Tuesday Blitz"]
[Site "Chess.com"]
[Date "2020.10.20"]
[Round "5"]
[White "Slovak_fighter2000"]
[Black "albi1999"]
[Result "1-0"]
[WhiteElo "2412"]
[BlackElo "2589"]
[TimeControl "180+1"]
[EndTime "10:57:26 PDT"]
[Termination "Slovak_fighter2000 won by resignation"]

1. d4 Nf6 2. Nf3 d5 3. c4 e6 4. Nc3 c5 5. e3 a6 6. dxc5 Bxc5 7. a3 O-O 8. b4 Ba7 9. Bb2 Nc6 10. Be2 dxc4 11. Bxc4 Qe7 12. O-O Rd8 13. Qe2 e5 14.
Rfd1 Be6 15. Ng5 Bxc4 16. Qxc4 Rxd1+ 17. Rxd1 Rd8 18. Rxd8+ Nxd8 19. Qc8 Qd7 20. Qxd7 Nxd7 21. Nge4 f6 22. Nd6 Bb8 23. Nc4 Kf7 24. Nd5 Ke6 25.
e4 Nc6 26. f3 b5 27. Nce3 Ba7 28. Kf1 Bxe3 29. Nxe3 Nb6 30. Ke2 a5 31. bxa5 Nxa5 32. Bc3 Nac4 33. Bb4 Nxe3 34. Kxe3 f5 35. exf5+ Kxf5 36. g4+ Ke6 37. Ke4 Nd5 38. g5 h6 39. h4 h5 40. Bf8 g6 41. Bb4 Nb6 42. Bf8 Nd5 43.
Bb4 Nf4 44. Be1 Nh3 45. Bg3 Ng1 46. Bh2 Nh3 47. Bxe5 Nf2+ 48. Kd4 Kf5 49. Bb8 Nd1 50. Kc5 Ne3 51. Kxb5 Ng2 52. Bg3 Ne3 53. a4 Nd5 54.
a5 1-0

[Event "*** Titled Tuesday Blitz"]
[Site "Chess.com"]
[Date "2020.10.20"]
[Round "5"]
[White "Snegokhod"]
[Black "szefru"]
[Result "1-0"]
[WhiteElo "2449"]
[BlackElo "2250"]
[TimeControl "180+1"]
[EndTime "10:57:26 PDT"]
[Termination "Snegokhod won by checkmate"]

1. e4 Nf6 2. Nc3 d5 3. exd5 Nxd5 4. d4 g6 5. Nf3 Bg7 6. Bc4 c6 7. O-O O-O 8. h3 Be6 9. Bb3 h6 10. Ne4 a5 11. Nc5 Bc8 12. a4 b6 13. Nd3 Nd7 14. Re1 N7f6 15. Nfe5 Bb7 16. c3 Rc8 17. Qe2 e6 18. Bd2 Kh7 19. Rad1 Nd7 20. Nf3 Ba6 21. Bc2 c5 22. Qe4 cxd4 23. Nxd4 Bxd3 24. Qxd3 Nc5 25. Qf3 Qd7 26. Bc1 Nxa4 27. h4 Naxc3 28. bxc3 Rxc3 29. Qe2 Bxd4 30. Rxd4 Qc7 31. Rd2 Rc8 32. Bxg6+ fxg6 33. Bb2 Rc6 34. h5 Qf7 35. Qe4 Qf5 36. hxg6+ Qxg6 37. Qe5 Rg8 38. g3 a4 39.
Rxd5 exd5 40. Qxd5 Rc7 41. Re6 Qb1+ 42. Kg2 Qxb2 43.
Qf5+ Kh8 44. Rxh6+ Kg7 45. Rh7# 1-0

[Event "*** Titled Tuesday Blitz"]
[Site "Chess.com"]
[Date "2020.10.20"]
[Round "5"]
[White "Witik"]
[Black "Flawless_Fighter"]
[Result "0-1"]
[WhiteElo "2757"]
[BlackElo "2581"]
[TimeControl "180+1"]
[EndTime "10:57:27 PDT"]
[Termination "Flawless_Fighter won on time"]

1. d4 Nf6 2. Bf4 e6 3. e3 c5 4. c3 Qb6 5. Qb3 Nc6 6. Nd2 d5 7. Ngf3 c4 8. Qc2 Bd7 9. b3 cxb3 10. axb3 Rc8 11. Qb1 a5 12. Bd3 Be7 13. O-O h6 14. Re1 O-O 15. h3 Rfd8 16. c4 Nb4 17. c5 Qa7 18.
Bf1 b6 19. cxb6 Qxb6 20. Rc1 Rxc1 21. Qxc1 Rc8 22. Qd1 Bb5 23. Ne5 Rc2 24. Bxb5 Qxb5 25. Rc1 Rxc1 26. Qxc1 g5 27. Bg3 Qe2 28. Ndf3 Nc2 29.
Kh2 Ba3 30. Qb1 Ne4 31. Qa2 Bb4 32. Qa4 Nd6 33. Qd7 Qb5 34. Qd8+ Qe8 35. Qc7 Qc8 36. Qe7 Qf8 37. Qf6 Ne4 38. Nd7 Nxf6 39. Nxf6+ Kh8 40.
Be5 Bd6 41. Nd7+ Bxe5+ 42. Nfxe5 Qe7 43. Nc5 Nb4 0-1

[Event "*** Titled Tuesday Blitz"]
[Site "Chess.com"]
[Date "2020.10.20"]
[Round "5"]
[White "cassoulet"]
[Black "YIYUKI"]
[Result "1-0"]
[WhiteElo "2698"]
[BlackElo "2336"]
[TimeControl "180+1"]
[EndTime "10:57:27 PDT"]
[Termination "cassoulet won by resignation"]

1. e4 d6 2. d4 Nf6 3. Nc3 g6 4. Be2 Bg7 5. Be3 O-O 6. h4 c5 7.
d5 e6 8. dxe6 Bxe6 9. h5 Nc6 10.
Qd2 d5 11. Bxc5 Re8 12. hxg6 hxg6 13. Nf3 Nxe4 14. Nxe4 dxe4 15. Qxd8 Raxd8 16. Ng5 Bxb2 17. Rb1 Bc3+ 18. Kf1 Bxa2 19. Rxb7 Re5 20. Be3 Bc4 21. Rb1 Ba2 22. Rb7 a5 23. g3 Nd4 24. Ba6 Nxc2 25. Bf4 Ree8 26. Rc7 Rd1+ 27. Kg2 Rxh1 28. Kxh1 Nb4 29.
Bb5 Be5 30. Bxe8 Bxc7 31. Bxc7 a4 32. Bxa4 Nd3 33. Nxe4 Bd5 34. f3 Bxe4 35. fxe4 Nf2+ 36. Kg2 Nxe4 37. Bc2 Nf6 38. Be5 Nd7 39. Bd4 Kf8 40. Ba4 Nb8 41. Bb5 Ke7 42. Ba7 Nd7 43. Bxd7 Kxd7 44. Kf3 Ke6 45. Kf4 Kf6 46. Bd4+ Ke6 47. Kg5 Kd5 48. Bf6 Ke6 49. g4 Kd5 50. Kh6 Ke6 51. g5 Kf5 52. Kg7 Ke6 53. Kf8 Kd7 54. Kxf7 1-0

[Event "*** Titled Tuesday Blitz"]
[Site "Chess.com"]
[Date "2020.10.20"]
[Round "5"]
[White "dropstoneDP"]
[Black "DanielDardha2005"]
[Result "0-1"]
[WhiteElo "2836"]
[BlackElo "2638"]
[TimeControl "180+1"]
[EndTime "10:57:28 PDT"]
[Termination "DanielDardha2005 won by resignation"]

1. Nf3 d5 2. d4 g6 3. c4 e6 4.
Nc3 Bg7 5. Bg5 Ne7 6. cxd5 exd5 7. Qb3 c6 8. Qa3 f6 9. Bf4 O-O 10. e3 Re8 11. Be2 g5 12. Bxb8 Rxb8 13. Qxa7 Bf5 14. O-O Ng6 15. Ne1 Bf8 16. Qa4 Bd6 17. Bd3 Qd7 18.
Bxf5 Qxf5 19. Qc2 Qe6 20. Nd3 f5 21. Rae1 Qf6 22. b4 f4 23. e4 f3 24. e5 Qf5 25.
Re3 fxg2 26. Rc1 Bf8 27. Ne1 Qe6 28. Nxg2 g4 29. a3 Bh6 30. Rg3 Bxc1 31. Qxc1 Rf8 32. Qg5 Rf3 33. Ne2 Rbf8 34. Rxf3 gxf3 35. Nef4 Qf5 36.
Qxf5 Rxf5 37. Nxg6 hxg6 38. Nh4 Rf4 39. Nxg6 Rg4+ 0-1

[Event "*** Titled Tuesday Blitz"]
[Site "Chess.com"]
[Date "2020.10.20"]
[Round "5"]
[White "Durarbayli"]
[Black "AleksibFan"]
[Result "1-0"]
[WhiteElo "2784"]
[BlackElo "2573"]
[TimeControl "180+1"]
[EndTime "10:57:28 PDT"]
[Termination "Durarbayli won on time"]

1. e4 d5 2. exd5 Qxd5 3. Nf3 Bg4 4. Be2 Nf6 5. d4 e6 6. c4 Qd7 7. Qb3 Nc6 8. Be3 Bb4+ 9. Nc3 O-O 10. Rd1 Qe7 11.
a3 Bxc3+ 12. Qxc3 a5 13. O-O Rfd8 14. h3 Bh5 15. Qb3 Rab8 16. Rfe1 Bg6 17. d5 exd5 18. cxd5 Ne5 19. Ba7 Ra8 20. Qxb7 Be4 21. Nxe5 Qxe5 22.
Bf3 Qf5 23. Bxe4 Nxe4 24. Be3 Nd6 25. Qxc7 a4 26. Qc3 Rdc8 27. Qd3 Qd7 28. Bd4 f6 29. Re6 Nc4 30. Bc3 Rd8 31. Qe4 Rac8 32. Re7 Qb5 33. Re1 Rd7 34. Qg4 1-0

[Event "*** Titled Tuesday Blitz"]
[Site "Chess.com"]
[Date "2020.10.20"]
[Round "5"]
[White "Gloomy_Wanderer"]
[Black "dopolian"]
[Result "1-0"]
[WhiteElo "2705"]
[BlackElo "2416"]
[TimeControl "180+1"]
[EndTime "10:57:28 PDT"]
[Termination "Gloomy_Wanderer won by resignation"]

1. d4 Nf6 2. Nf3 e6 3. c4 d5 4. g3 Be7 5. Bg2 O-O 6. O-O c6 7. Nbd2 Nbd7 8. Qc2 b6 9. e4 Bb7 10. e5 Ne8 11. cxd5 exd5 12. Re1 Nc7 13. Nf1 c5 14. Ne3 Ne6 15. Nf5 Rc8 16. Qd1 Re8 17. Be3 Bf8 18. Rc1 h5 19. Qd2 g6 20. Nh6+ Kg7 21. Bh3 Be7 22. Qd3 Ndf8 23. Red1 Rc7 24. b3 Ng5 25. Nxg5 Bxg5 26. Nxf7 Kxf7 27. f4 Bh6 28. dxc5 bxc5 29. Rxc5 Rxc5 30. Bxc5 Ne6 31. Bxe6+ Rxe6 32. Bxa7 Qa5 33. Bd4 Qa6 34. Qf3 Qxa2 35. f5 gxf5 36. Qxf5+ Ke7 37. Qh7+ Ke8 38. Qxb7 Qe2 39.
Qc8+ Kf7 40. Qd7+ Kf8 41. Rf1+ 1-0

[Event "*** Titled Tuesday Blitz"]
[Site "Chess.com"]
[Date "2020.10.20"]
[Round "5"]
[White "Ziachess74"]
[Black "KetiGrant"]
[Result "0-1"]
[WhiteElo "2472"]
[BlackElo "2318"]
[TimeControl "180+1"]
[EndTime "10:57:28 PDT"]
[Termination "KetiGrant won on time"]

1. d4 Nf6 2. Bg5 c5 3. Nc3 cxd4 4. Qxd4 Nc6 5. Qh4 Qb6 6. O-O-O d6 7. e4 Be6 8. Nh3 Rc8 9. Bxf6 gxf6 10. Nf4 h5 11.
Nxe6 fxe6 12. Kb1 Ne5 13. Bb5+ Kf7 14. a4 a6 15. a5 Qxa5 16. Be2 Bg7 17. f4 Ng6 18. Qh3 Nxf4 19. Qf3 Ng6 20. Rhf1 Ne5 21. Qh3 h4 22. Na2 Qa4 23. c3 Qxe4+ 24. Bd3 Nxd3 25. Rxd3 f5 26. Ka1 Rc4 27. Re3 Qd5 28. Nb4 Rxb4 29. cxb4 Qd2 30. Rb3 Rc8 31. Rxf5+ Ke8 32. Rf1 Kd7 33. Rb1 a5 34. b5 a4 35. Ra3 Rc2 0-1

[Event "*** Titled Tuesday Blitz"]
[Site "Chess.com"]
[Date "2020.10.20"]
[Round "5"]
[White "garfield_pg"]
[Black "FontVella8"]
[Result "0-1"]
[WhiteElo "2313"]
[BlackElo "2491"]
[TimeControl "180+1"]
[EndTime "10:57:30 PDT"]
[Termination "FontVella8 won on time"]

1. e4 g6 2. d4 Bg7 3. Nc3 d6 4. Bg5 a6 5. a4 b6 6. Qd2 Bb7 7.
f4 Nd7 8. Nf3 h6 9. Bh4 Ngf6 10.
Bd3 O-O 11. O-O c5 12. d5 Qc7 13. Bc4 Rae8 14. Rae1 Nh7 15. Qe2 Qc8 16. e5 Nb8 17.
Qd3 Qc7 18. e6 f5 19. h3 Nf6 20. Bxf6 Bxf6 21. g4 Bxc3 22. bxc3 Kg7 23. Nh4 Rf6 24. gxf5 g5 25. Ng6 b5 26. axb5 axb5 27. Bxb5 c4 28.
Bxc4 Qb6+ 29. Kh2 Ba6 30. Bxa6 Nxa6 31. fxg5 hxg5 32. Rg1 Qf2+ 33. Rg2 Qxf5 34. Nh4 Qf4+ 35. Qg3 Qxg3+ 36. Rxg3 Kh6 37. Nf3 Rf5 38. c4 Ref8 0-1

[Event "*** Titled Tuesday Blitz"]
[Site "Chess.com"]
[Date "2020.10.20"]
[Round "5"]
[White "Sueetin"]
[Black "Roza_Idrisova"]
[Result "1-0"]
[WhiteElo "2358"]
[BlackElo "2170"]
[TimeControl "180+1"]
[EndTime "10:57:30 PDT"]
[Termination "Sueetin won by resignation"]

1. d4 d5 2. c4 c6 3. cxd5 cxd5 4. Bf4 Nc6 5. e3 Nf6 6. Nc3 Bf5 7. Qb3 Na5 8. Qa4+ Bd7 9. Qc2 Rc8 10. Bd3 b5 11.
Qe2 b4 12. Nd1 e6 13. Nf3 Be7 14. O-O O-O 15. Ba6 Rc6 16. Ne5 Rb6 17. h3 Ne4 18. f3 Nd6 19. Bd3 f6 20. Nxd7 Qxd7 21. Nf2 Rc8 22.
Rfc1 Rbc6 23. Rxc6 Rxc6 24. Rd1 Nac4 25. b3 Nb6 26. e4 Rc8 27. e5 Nf5 28. Bxf5 exf5 29. e6 Qd8 30. Nd3 g5 31. Bd2 a5 32. Nc5 Bxc5 33. dxc5 Rxc5 34. e7 Qe8 35. Qe6+ Kg7 36. Qxb6 Qxe7 37. Re1 Qc7 38. Qe6 Rc2 39. Qe8 Qc8 40.
Re7+ Kh6 41. Qf7 Rc1+ 42. Kh2 Qb8+ 43. g3 Qh8 44. Bxc1 1-0

[Event "*** Titled Tuesday Blitz"]
[Site "Chess.com"]
[Date "2020.10.20"]
[Round "5"]
[White "ScarpaChess"]
[Black "CakeinSpace2002"]
[Result "1-0"]
[WhiteElo "2523"]
[BlackElo "2290"]
[TimeControl "180+1"]
[EndTime "10:57:31 PDT"]
[Termination "ScarpaChess won on time"]

1. d4 d5 2. c4 c6 3. Nf3 Nf6 4. e3 Bf5 5. Nc3 e6 6. Nh4 Be4 7. f3 Bg6 8. Qb3 Qc7 9. Bd2 Nbd7 10. cxd5 exd5 11. O-O-O Qb6 12. Qa4 O-O-O 13. Nxg6 hxg6 14. Kb1 Kb8 15. Nxd5 Nxd5 16. Ba5 Nxe3 17. Bxb6 Nxb6 18. Qb3 Nxd1 19. Qxd1 Rh4 20. Qb3 Rhxd4 21. Be2 Nd5 22. Rd1 Rb4 23. Qc2 Be7 24. Rd3 Bf6 25. Rb3 Rxb3 26. Qxb3 Rd7 27. a4 a5 28. Bc4 Ka7 29. Bxd5 Rxd5 30. Qc2 Bd4 31. b3 f6 32. Ka2 g5 33. b4 axb4 34. Kb3 Bc3 35. Qf2+ c5 36.
g3 Ka6 37. h4 gxh4 38. gxh4 b5 39. axb5+ Kxb5 40. Qe2+ c4+ 41. Qxc4+ 1-0

[Event "*** Titled Tuesday Blitz"]
[Site "Chess.com"]
[Date "2020.10.20"]
[Round "5"]
[White "Kazmin_Dmitrij"]
[Black "tlomigtlis"]
[Result "0-1"]
[WhiteElo "2261"]
[BlackElo "2565"]
[TimeControl "180+1"]
[EndTime "10:57:31 PDT"]
[Termination "tlomigtlis won on time"]

1. e4 c5 2. a3 d5 3. exd5 Qxd5 4. Nc3 Qd8 5. g3 Nf6 6. Bg2 g6 7. Nf3 Bg7 8. O-O Nc6 9. d3 O-O 10. Bf4 Be6 11. Ng5 Bd7 12. Re1 h6 13. Nge4 Nxe4 14. dxe4 Be6 15. Be3 Nd4 16. b4 cxb4 17. axb4 Nc6 18.
Nd5 Bxd5 19. exd5 Nxb4 20. Rb1 a5 21. Qd2 Rc8 22. Bxh6 Rxc2 23. Qg5 Qb6 24. Rf1 Qf6 25. Qe3 Rfc8 26. Bg5 Qf5 27. Qxe7 R2c7 28. Qe3 Nxd5 29.
Bxd5 Qxd5 30. Rbd1 Qf5 31. Bf4 Rc3 32. Qb6 a4 33.
Qxb7 a3 34. Qb6 Rc2 35. Rd8+ Rxd8 36. Qxd8+ Bf8 37. Bd6 Rc8 38. Qb6 Qe6 39. Bc7 Qxb6 40. Bxb6 Rb8 41. Bd4 Rb4 42. Ba1 a2 43. Kg2 Rb1 0-1

[Event "*** Titled Tuesday Blitz"]
[Site "Chess.com"]
[Date "2020.10.20"]
[Round "5"]
[White "KyrgyzFighter"]
[Black "chessknight02"]
[Result "0-1"]
[WhiteElo "2343"]
[BlackElo "2226"]
[TimeControl "180+1"]
[EndTime "10:57:31 PDT"]
[Termination "chessknight02 won on time"]

1. c4 e5 2. Nc3 Nf6 3. Nf3 Nc6 4. e3 Bb4 5. Qc2 O-O 6. Nd5 d6 7. a3 Bc5 8. b4 Bb6 9. Bd3 h6 10. Nxf6+ Qxf6 11. Be4 Qe7 12. Bb2 f5 13. Bxc6 bxc6 14.
c5 dxc5 15. Nxe5 cxb4 16. Nxc6 Qd6 17. axb4 Bb7 18. b5 a6 19. Ba3 Qf6 20. O-O axb5 21. Bxf8 Rxf8 22. Na5 Bxa5 23. Rxa5 f4 24. Qxc7 Rf7 25.
Qxf4 Qc6 26. Qg3 Rf6 27. f3 Rg6 28. Qe5 Rg5 29. Qb8+ Kh7 30. Ra7 Bc8 31. Ra8 Bh3 32.
Qg8+ Kg6 33. Qb8 Rxg2+ 34. Kh1 Rg5 35. e4 Qc5 0-1

[Event "*** Titled Tuesday Blitz"]
[Site "Chess.com"]
[Date "2020.10.20"]
[Round "5"]
[White "Fandorine"]
[Black "LyonBeast"]
[Result "0-1"]
[WhiteElo "2873"]
[BlackElo "3037"]
[TimeControl "180+1"]
[EndTime "10:57:32 PDT"]
[Termination "LyonBeast won by resignation"]

1. e4 c6 2. d4 d5 3. exd5 cxd5 4. Bd3 Nf6 5. c3 Bg4 6. Qb3 Qb6 7. h3 Bh5 8. Bf4 e6 9. Nd2 Nc6 10. Ngf3 Be7 11. O-O Bg6 12. Bxg6 hxg6 13. Rfe1 O-O 14.
Ne5 Rfc8 15. Nd3 Qa6 16. Ne5 b5 17. a3 Nxe5 18. Bxe5 Nd7 19. Nf3 Qa4 20. Qa2 Qc4 21. Qb1 a5 22. Re3 b4 23. axb4 axb4 24. Rxa8 Rxa8 25.
b3 Qa6 26. cxb4 Qa1 27. Re1 Qxb1 28. Rxb1 Bxb4 29. Rc1 f6 30. Bf4 Kf7 31. Rc7 Ke7 32.
Rb7 Bd6 33. Bd2 Ra1+ 34. Be1 e5 35. dxe5 fxe5 36. Kf1 e4 37. Nd4 Bc5 38. Nc2 Rc1 39. b4 Bxf2 40. Kxf2 Rxc2+ 41. Ke3 Ke6 42. Ra7 Rxg2 43.
Ra6+ Kf5 44. Ra7 Ne5 45. Rxg7 d4+ 46. Kxd4 Nf3+ 47. Kd5 Nxe1 48. Rf7+ Kg5 49. Kxe4 Rb2 50. Rb7 Nc2 51. b5 Na3 52. b6 Nc4 53. h4+ Kh6 54. Kf4 Rxb6 55. Rc7 Rb4 0-1